 Dungeon Crawl Stone Soup version 0.32-a0-975-g85d4e5bfdb (webtiles) character file.

Game seed: 7094569230552088311

181 kae the Changeling (level 5, -4/52 (55) HPs)
             Began as a Demonspawn Shapeshifter on Apr 18, 2024.
             Slain by an orc warrior
             ... wielding a +2 war axe of draining
              (5 damage)
             ... on level 4 of the Dungeon.
             The game lasted 00:01:56 (1782 turns).

kae the Changeling (Demonspawn Shapeshifter)        Turns: 1782, Time: 00:01:58

HP:   -4/52 (55)    AC: 22    Str: 14    XL:     5   Next: 34%
MP:   5/5           EV:  2    Int: 10    God:
Gold: 74            SH:  0    Dex: 15    Spells: 4/4 levels left

rFire   . .          .
                       - Unarmed
rCold   . . .        (no shield)
rNeg    . . .        a - melded +0 animal skin
rPois   +            (helmet currently unavailable)
rElec   .            m - melded +0 cloak {rPois}
rCorr   .            (gloves currently unavailable)
SInv    +            (boots currently unavailable)
Will    .....        (no amulet)
Stlth   +            E - +5 ring of evasion
HPRegen 0.28/turn    v - ring of see invisible
MPRegen 0.09/turn

%: no passive effects
@: tree-form (expiring), drained
A: stationary, stasis, torment immunity, boosted hp, (antennae 2), (thin
metallic scales 1), demonic guardian 1
a: no special abilities


You were on level 4 of the Dungeon.
You were a tree.
You visited 1 branch of the dungeon, and saw 4 of its levels.

You collected 74 gold pieces.


Innate Abilities, Weirdness & Mutations

You are a tree.
Your roots penetrate the ground, keeping you stationary.
You cannot be teleported.
You are immune to unholy pain and torment.
Your maximum health is greatly increased.
Your equipment is partially melded.
((You have a pair of antennae on your head.))
((You are partially covered in thin metallic scales. (AC +2)))
A weak demonic guardian rushes to your aid.


   Skills:
 - Level 1.0 Fighting
 - Level 1.7 Dodging
 + Level 3.9 Unarmed Combat
 * Level 4.5 Shapeshifting


You had 4 spell levels left.
You didn't know any spells.
Your spell library contained the following spells:

 Spells                   Type           Power      Damage    Failure   Level
 Necrotise                Necr           0%         1d4       36%         1
 Vampiric Draining        Necr           0%         2d6       75%         3
 Martyr's Knell           Necr/Summ      0%         N/A       98%         4
 Curse of Agony           Necr           0%         N/A       100%        5

Inventory:

Missiles
 e - 38 stones (quivered)
Armour
 a - a +0 animal skin (melded)
 m - a +0 cloak of poison resistance (melded)
   (You found it on level 1 of the Dungeon)
 o - a +1 leather armour of poison resistance
   (You found it on level 2 of the Dungeon)
 t - the +0 scale mail of Tartarus {rElec rF+ Regen+ Stlth+}
   (You found it on level 3 of the Dungeon)

   rF+:       It protects you from fire.
   rElec:     It insulates you from electricity.
   Regen+:    It increases your rate of health regeneration.
   Stlth+:    It makes you more stealthy.
Magical Staves
 p - a staff of conjuration {!a}
   (You found it on level 2 of the Dungeon)
Jewellery
 v - a ring of see invisible (right branch)
   (You found it on level 2 of the Dungeon)
 E - a +5 ring of evasion (left branch)
   (You found it on level 2 of the Dungeon)
Talismans
 c - a beast talisman
 d - a flux talisman (active)
Scrolls
 g - a scroll of identify {@r1}
 j - a scroll of teleportation {@r4}
Potions
 h - a potion of heal wounds {@q2}
 l - a potion of curing {@q1}
 r - a potion of brilliance

Dungeon Overview and Level Annotations

Branches:
Dungeon (4/15) Zot: 22226
 Temple: D:4-7

Altars:

###### ###....#
#<.....#########
##.....†♣o......
##...5##o......
#....# .......
#....# ....$..
#....# ####.##
.........# ..
.....=....# .
..........#
#..........#


You could see an orc warrior, an orc (ally target) and a friendly shadow imp
(summoned, wandering).


Message History

It was a scroll of noise.
The hound barely misses you.
The goblin shoots a sling bullet.
The sling bullet hits you but does no damage.
You smack the hound!
The hound stops glowing.
The hound bites you but does no damage. x2
You barely miss the hound.
The hound bites you but does no damage. 😮 HP[+1]
You hit the hound.
You kill the hound!
The ball python bites you but does no damage.
The ball python grabs you. The ball python constricts you.
You have reached level 5!
Your demonic ancestry asserts itself...
Thin metallic scales grow over part of your body. 😮 HP[+4] MP[+1]
You now have 55 max hp (+7).
You regained 4 hp, and now have 29/55 hp.
Your mp is fully restored (5).
Unknown command.
You smack the ball python!
You kill the ball python!
An orc comes into view. It is wielding a +0 hand axe.
The orc hits you with a +0 war axe.
The goblin unwields a +0 sling.
The goblin wields a +0 dagger.
The goblin hits you but does no damage. 😮 HP[-1]
You take 1 damage, and now have 28/55 hp.
You closely miss the howler monkey. Your punch misses the howler monkey.
The howler monkey hits you.
* * * LOW HITPOINT WARNING * * *
An adder comes into view.
The orc hits you with a +0 war axe!
* * * LOW HITPOINT WARNING * * *
😨 HP[-10]
You take 10 damage, and now have 18/55 hp.
You closely miss the howler monkey.
The howler monkey hits you but does no damage.
The goblin barely misses you. The orc hits you but does no damage.
The howler monkey hits you but does no damage.
You smack the howler monkey!
The goblin hits you but does no damage. The orc hits you but does no damage.
The howler monkey hits you but does no damage. 😨 HP[+1]
You hit the howler monkey but do no damage.
The goblin hits you but does no damage.
The howler monkey hits you but does no damage.
The orc completely misses you.
You smack the howler monkey!
You kill the howler monkey!
The goblin completely misses you. The orc hits you but does no damage.
You smack the endoplasm!
You kill the endoplasm!
The goblin hits you but does no damage.
The orc hits you but does no damage. 😨 HP[+1]
You closely miss the goblin. The goblin hits you but does no damage.
The orc hits you but does no damage.
You hit the goblin. The goblin hits you but does no damage.
The orc hits you but does no damage.
You closely miss the goblin. The goblin hits you but does no damage.
Okay, then.
You feel better. The orc barely misses you.
The goblin hits you but does no damage. 😨 HP[+6]
You regained 6 hp, and now have 26/55 hp.
You barely miss the goblin. The orc hits you with a +0 war axe.
* * * LOW HITPOINT WARNING * * *
The goblin hits you but does no damage. 😨 HP[-3]
You take 3 damage, and now have 23/55 hp.
You hit the goblin. The orc hits you with a +0 war axe.
* * * LOW HITPOINT WARNING * * *
The goblin hits you but does no damage. 😨 HP[-6]
You take 6 damage, and now have 17/55 hp.
You smack the goblin!
You kill the goblin!
The orc hits you but does no damage.
You completely miss the orc. The orc hits you with a +0 war axe.
* * * LOW HITPOINT WARNING * * *
The orc hits you but does no damage. 😱 HP[-4]
You take 4 damage, and now have 13/55 hp.
You completely miss the orc. The orc hits you but does no damage. x2
You closely miss the orc. The orc hits you but does no damage. x2
You barely miss the orc.
Your transformation is almost over.
The orc hits you but does no damage. x2 😨 HP[+1]
You barely miss the orc. The orc hits you but does no damage. x2
You smack the orc!
You kill the orc!
The orc hits you but does no damage.
You hit the orc warrior. The orc hits you but does no damage.
The orc warrior completely misses you.
You barely miss the orc warrior. The orc hits you but does no damage.
The orc warrior hits you with a +2 war axe of draining!
* * * LOW HITPOINT WARNING * * *
A demonic guardian appears!
You feel drained.
You die...

Skill      XL: |  1  2  3  4 |
---------------+-------------+-----
Shapeshifting  | 3 4 |  4.5
Unarmed Combat | 3 |  3.9
Fighting       | |  1.0
Dodging        | |  1.7

Action                     |  1- 3 |  4- 6 || total
---------------------------+-------+-------++-------
  Melee: Unarmed           |   102 |    42 ||   144
    Use: Scroll            |     8 |     3 ||    11
         Potion            |       |     2 ||     2
 Armour: Animal skin       |    22 |       ||    22
         Skin              |    17 |    83 ||   100
  Dodge: Dodged            |    86 |    35 ||   121
         Form:             |     1 |       ||     1
         Flux              |     1 |       ||     1

Levels and vault maps discovered:
D:1:      dpeg_arrival_pond, layout_loops_ring,
          hellmonk_ecumenical_altar_zigzags
D:2:      layout_basic
D:3:      layout_basic
D:4:      layout_rooms, nicolae_hepliaklqana_monster_ancestors, xom_redecorated,
          gammafunk_temple_overflow_wave, pdpol_wu_jian_five_deadly_venoms,
          minmay_temple_entry_crystal_x, enter_ossuary_3

Notes
Turn   | Place    | Note
-------+----------+-------------------------------------------
     0 | D:1      | kae the Demonspawn Shapeshifter began the quest for the
                  | Orb.
     0 | D:1      | Reached XP level 1. HP: 15/15 MP: 1/1
     0 | D:1      | magus.rc [v1.11.3]
    42 | D:1      | Found a faded altar of an unknown god.
   157 | D:1      | Reached skill level 3 in Shapeshifting
   272 | D:1      | Gained mutation: You have a pair of small antennae on your
                  | head. [demonic ancestry]
   272 | D:1      | Reached XP level 2. HP: 21/21 MP: 2/2
   412 | D:1      | Reached skill level 3 in Unarmed Combat
  1265 | D:2      | Gained mutation: A weak demonic guardian rushes to your
                  | aid. [demonic ancestry]
  1265 | D:2      | Reached XP level 3. HP: 16/26 MP: 3/3
  1453 | D:2      | You pick up a book of Necromancy and begin reading...
  1453 | D:2      | You add the spells Necrotise, Vampiric Draining, Martyr's
                  | Knell and Curse of Agony to your library.
  1552 | D:3      | Identified the +0 scale mail of Tartarus {rElec rF+ Regen+
                  | Stlth+}
  1602 | D:3      | Gained mutation: You have a pair of antennae on your head.
                  | [demonic ancestry]
  1602 | D:3      | Reached XP level 4. HP: 13/32 MP: 4/4
  1712 | D:3      | Reached skill level 4 in Shapeshifting
  1752 | D:4      | Noticed an orc warrior
  1761 | D:4      | Gained mutation: You are partially covered in thin metallic
                  | scales. (AC +2) [demonic ancestry]
  1761 | D:4      | Reached XP level 5. HP: 29/37 MP: 5/5
  1775 | D:4      | HP: 13/55 [orc/+0 war axe (5)]
  1782 | D:4      | HP: 1/55 [orc warrior/+2 war axe of draining (14)]
  1782 | D:4      | Slain by an orc warrior

Vanquished Creatures
  A howler monkey (D:4)
  A bombardier beetle (D:3)
  A hound (D:4)
  3 adders
  2 ufetubi (D:4)
  A dart slug (D:1)
  A ribbon worm (D:3)
  An orc (D:4)
  2 bats (D:1)
  4 endoplasms
  A goblin (D:4)
  7 hobgoblins
  2 quokkas
  5 ball pythons
  5 kobolds
  7 rats
44 creatures vanquished.

Vanquished Creatures (collateral kills)
  A goblin (D:3)
1 creature vanquished.

Grand Total: 45 creatures vanquished

Table legend:
 A = Non-vault XP
 B = Vault XP
 C = Vault XP percentage of total XP
 D = Non-vault monster count
 E = Vault monster count
 F = Vault count percentage of total count
                 A         B        C        D         E       F
            +---------+---------+-------+---------+---------+-------
      Total |     259 |       0 |   0.0 |      45 |       0 |   0.0
            +---------+---------+-------+---------+---------+-------
        D:1 |      28 |       0 |   0.0 |      17 |       0 |   0.0
        D:2 |      24 |       0 |   0.0 |       8 |       0 |   0.0
        D:3 |      89 |       0 |   0.0 |      11 |       0 |   0.0
        D:4 |     118 |       0 |   0.0 |       9 |       0 |   0.0
            +---------+---------+-------+---------+---------+-------

Skill      XL: |  1  2  3  4 |
---------------+-------------+-----
Shapeshifting  | 3 4 |  4.5
Unarmed Combat | 3 |  3.9
Fighting       | |  1.0
Dodging        | |  1.7

Action                     |  1- 3 |  4- 6 || total
---------------------------+-------+-------++-------
  Melee: Unarmed           |   102 |    42 ||   144
    Use: Scroll            |     8 |     3 ||    11
         Potion            |       |     2 ||     2
 Armour: Animal skin       |    22 |       ||    22
         Skin              |    17 |    83 ||   100
  Dodge: Dodged            |    86 |    35 ||   121
         Form:             |     1 |       ||     1
         Flux              |     1 |       ||     1

Illustrated notes

Table legend:
 A = Kills in this place as a percentage of kills in the entire game.
 B = Kills by you in this place as a percentage of kills by you in the entire game.
 C = Kills by friends in this place as a percentage of kills by friends in the entire game.
 D = Other kills in this place as a percentage of other kills in the entire game.
 E = Experience gained in this place as a percentage of experience gained in the entire game.
 F = Experience gained in this place divided by the number of levels of this place that you have seen.
                   A       B       C       D       E      F
               +-------+-------+-------+-------+-------+----------------------
         Total | 100.0 | 100.0 | 100.0 |   N/A | 100.0 |  64.8
       Dungeon | 100.0 | 100.0 | 100.0 |   N/A | 100.0 |  64.8
               +-------+-------+-------+-------+-------+----------------------

Table legend: (Time is in decaauts)
 A = Elapsed time spent in this place.
 B = Non-inter-level travel time spent in this place.
 C = Inter-level travel time spent in this place.
 D = Time resting spent in this place.
 E = Time spent auto-exploring this place.
 F = Levels seen in this place.
 G = Mean time per level.
                   A        B        C        D        E       F      G
               +--------+--------+--------+--------+--------+-----+--------+
         Total |   1772 |   1696 |     76 |     21 |   1360 |   4 |  443.0 |
       Dungeon |   1772 |   1696 |     76 |     21 |   1360 |   4 |  443.0 |
               +--------+--------+--------+--------+--------+-----+--------+

Top non-repeatable levels by time:
     D:1: 813 daAuts
     D:2: 717 daAuts
     D:3: 198 daAuts
     D:4: 43 daAuts
